 Dungeon Crawl Stone Soup version 0.30-a0-368-g86fb4627a9 (webtiles) character file.

Game seed: 7418236749250402420

122 qeuew the Chopper (level 4, -10/34 HPs)
             Began as a Demonspawn Gladiator on Nov 18, 2022.
             Mangled by Sigmund
             ... wielding a +2 vorpal scythe
              (12 damage)
             ... on level 4 of the Dungeon.
             The game lasted 00:05:37 (2380 turns).

qeuew the Chopper (Demonspawn Gladiator)            Turns: 2380, Time: 00:05:38

Health: -10/34     AC:  4    Str: 22    XL:     4   Next: 78%
Magic:  0/4        EV: 13    Int:  9    God:
Gold:   193        SH:  0    Dex: 15    Spells: 4/4 levels left

rFire   . . .      SeeInvis .    a - +0 war axe (flame)
rCold   . . .      Faith    .    (no shield)
rNeg    . . .      Spirit   +    b - +0 leather armour
rPois   .          Reflect  .    c - +0 helmet
rElec   .          Harm     .    (no cloak)
rCorr   .          Rampage  .    (no gloves)
Will    .....                    (no boots)
Stlth   +.........               (no amulet)
HPRegen 0.25/turn                k - +6 ring of strength
MPRegen 0.18/turn                (no ring)

@: no status effects
A: magic shield, magic regeneration, magic link
a: no special abilities


You were on level 4 of the Dungeon.
You visited 1 branch of the dungeon, and saw 4 of its levels.

You collected 193 gold pieces.

Inventory:

Hand Weapons
 a - a +0 war axe of flaming (weapon)
Missiles
 d - 3 throwing nets (quivered)
 e - a javelin
Armour
 b - a +0 leather armour (worn)
 c - a +0 helmet (worn)
Jewellery
 k - a +6 ring of strength (left hand)
Scrolls
 h - a scroll of enchant armour
 j - a scroll of summoning
Potions
 f - a potion of brilliance {unknown}
 g - a potion of heal wounds
 i - a potion of curing


   Skills:
 + Level 2.7 Fighting
 + Level 3.2 Axes
 + Level 2.5 Throwing
 + Level 1.6 Armour
 + Level 3.2 Dodging
 + Level 0.5 Spellcasting


You had 4 spell levels left.
You didn't know any spells.
Your spell library contained the following spells:

 Spells                   Type           Power      Damage    Failure   Level
 Kindle Blastsparks       Fire/Tloc/Air  0%         2d10      80%         3
 Fulminant Prism          Conj/Hex       0%         3d5       99%         4
 Iskenderun's Mystic Bla  Conj/Tloc      0%         2d3       99%         4
 Lee's Rapid Deconstruct  Erth           0%         3d4*      100%        5


Dungeon Overview and Level Annotations

Branches:
Dungeon (4/15)
 Temple: D:4-7

Altars:
Ru

Shops:
D:1 [

Annotations:
D:4 Sigmund


Innate Abilities, Weirdness & Mutations

When hurt, damage is shared between your health and your magic reserves.
You regenerate magic rapidly.
When low on magic, you restore magic in place of health.


Message History

Found a scroll labelled SOVEKH KEUFI.
A giant cockroach is nearby!
You barely miss the giant cockroach. The giant cockroach closely misses you.
The giant cockroach bites you but does no damage.
A giant cockroach is nearby!
You barely miss the giant cockroach. The giant cockroach closely misses you.
A giant cockroach is nearby!
You slash the giant cockroach! You burn the giant cockroach.
You kill the giant cockroach!
Sigmund the Dreaded comes into view.
He is wielding a +2 vorpal scythe.
Sigmund shouts!
Sigmund is nearby!
Sigmund is nearby!
Sigmund hits you from afar with a +2 vorpal scythe!
Sigmund barely misses you.
You slash Sigmund! You burn Sigmund.
Sigmund is heavily wounded.
Sigmund hits you with a +2 vorpal scythe!
You are too injured to fight recklessly!
You are too injured to fight recklessly!
You are too injured to fight recklessly!
You are too injured to fight recklessly!
You are too injured to fight recklessly!
You are too injured to fight recklessly!
You are too injured to fight recklessly!
You are too injured to fight recklessly!
You are too injured to fight recklessly!
You are too injured to fight recklessly!
You are too injured to fight recklessly!
You are too injured to fight recklessly!
You are too injured to fight recklessly!
You barely miss Sigmund.
Sigmund is heavily wounded.
Sigmund hits you with a +2 vorpal scythe!
* * * LOW HITPOINT WARNING * * *
x2 Unknown command.
You slash Sigmund! You burn Sigmund. You punch Sigmund.
Sigmund is severely wounded.
Sigmund hits you with a +2 vorpal scythe!
You die...

..## ........#/... ..#
#........#..## ## ..#
#...............# ..##
###...........#....
...###............##...#
....# #..........##...##
....###................#
.........#.#..#.........
)...###.##.###..@.......
....# ####.....?.@.....#
....#####..............#
....#.#.##.##........###
#...........#.......##
..###.............###
..###..............
..##.............###
...#.........


You could see Sigmund.

Vanquished Creatures
  Robin (D:3)
  3 adders
  2 orcs
  7 ball pythons
  7 endoplasms
  3 giant cockroaches
  15 goblins
  2 hobgoblins
  12 jackals
  3 kobolds
  3 quokkas
  6 bats
  5 frilled lizards
  2 rats
71 creatures vanquished.

Notes
Turn   | Place    | Note
-------+----------+-------------------------------------------
     0 | D:1      | qeuew the Demonspawn Gladiator began the quest for the Orb.
     0 | D:1      | Reached XP level 1. HP: 16/16 MP: 1/1
    61 | D:1      | Gained mutation: You regenerate magic rapidly. [demonic
                  | ancestry]
    61 | D:1      | Reached XP level 2. HP: 11/22 MP: 2/2
   424 | D:1      | Found Zazaq's Armour Emporium.
   904 | D:2      | Reached skill level 1 in Armour
   904 | D:2      | Gained mutation: When hurt, damage is shared between your
                  | health and your magic reserves. [demonic ancestry]
   904 | D:2      | Reached XP level 3. HP: 17/28 MP: 3/3
  1648 | D:3      | Gained mutation: When low on magic, you restore magic in
                  | place of health. [demonic ancestry]
  1648 | D:3      | Reached XP level 4. HP: 34/34 MP: 4/4
  1751 | D:3      | Noticed Robin
  1761 | D:3      | Killed Robin
  2331 | D:4      | Found a sacrificial altar of Ru.
  2373 | D:4      | Noticed Sigmund
  2380 | D:4      | Mangled by Sigmund

Illustrated notes

Levels and vault maps discovered:
D:1:      lemuel_arrival_muddy, layout_basic, serial_shops,
          nicolae_shop_temple_entry_statues_fountains, minmay_misc_feat_alley
D:2:      layout_loops_ring, hangedman_decor_clover_reticule
D:3:      layout_loops_cross, uniq_robin
D:4:      layout_cave_pools, mainiacjoe_overflow_six_doors_small,
          gammafunk_temple_overflow_wave, uniq_sigmund, uniq_crazy_yiuf_cottage

Skill      XL: |  1  2  3 |
---------------+----------+-----
Throwing       | 2 |  2.5
Armour         | 1 |  1.6
Axes           | 3 |  3.2
Dodging        | 3 |  3.2
Fighting       | |  2.7
Spellcasting   | |  0.5

Action                   |  1- 3 |  4- 6 || total
-------------------------+-------+-------++-------
Melee: War axe           |   115 |    45 ||   160
       Punch             |       |     2 ||     2
  Use: Scroll            |     6 |     3 ||     9
       Potion            |     2 |     1 ||     3
 Stab: Sleeping          |     2 |     1 ||     3
Armor: Leather armour    |    56 |    28 ||    84
Dodge: Dodged            |   113 |    58 ||   171

Table legend: (Time is in decaauts)
 A = Elapsed time spent in this place.
 B = Non-inter-level travel time spent in this place.
 C = Inter-level travel time spent in this place.
 D = Time resting spent in this place.
 E = Time spent auto-exploring this place.
 F = Levels seen in this place.
 G = Mean time per level.
                   A        B        C        D        E       F      G
               +--------+--------+--------+--------+--------+-----+--------+
         Total |   2450 |   2351 |     99 |     46 |   1883 |   4 |  612.5 |
       Dungeon |   2450 |   2351 |     99 |     46 |   1883 |   4 |  612.5 |
               +--------+--------+--------+--------+--------+-----+--------+

Top non-repeatable levels by time:
     D:3: 809 daAuts
     D:1: 769 daAuts
     D:2: 738 daAuts
     D:4: 133 daAuts
